 Dungeon Crawl Stone Soup version 0.28.0-49-g6dfe1f597d (webtiles) character file.

Game seed: 16377531237753199358

1504 Gabide the Spear-Bearer (level 9, -1/63 HPs)
             Began as a Human Monk on May 12, 2022.
             Was a Believer of Sif Muna.
             Slain by an orc warrior
             ... wielding a +0 scimitar
              (20 damage)
             ... on level 6 of the Dungeon.
             The game lasted 00:13:32 (8252 turns).

Gabide the Spear-Bearer (Human Monk)                Turns: 8252, Time: 00:13:32

Health: -1/63      AC:  5    Str: 21    XL:     9   Next: 8%
Magic:  9/9        EV: 12    Int: 10    God:    Sif Muna [**....]
Gold:   221        SH:  0    Dex: 17    Spells: 8/8 levels left

rFire   . . .      SeeInvis .   h - +0 halberd
rCold   . . .      Faith    .   (shield currently unavailable)
rNeg    + . .      Spirit   .   y - +0 ring mail
rPois   .          Reflect  .   (no helmet)
rElec   .          Harm     .   (no cloak)
rCorr   .          Rampage  .   (no gloves)
Will    .....                   (no boots)
Stlth   +.........              (no amulet)
HPRegen 0.20/turn               b - ring of positive energy
MPRegen 0.11/turn               e - +6 ring of strength

@: mighty, hasted, very quick
A: no striking features
a: Renounce Religion, Channel Magic


You were on level 6 of the Dungeon.
You worshipped Sif Muna.
Sif Muna was pleased with you.
You visited 1 branch of the dungeon, and saw 6 of its levels.

You collected 221 gold pieces.

Inventory:

Hand Weapons
 a - a +0 spear
 h - a +0 halberd (weapon)
Missiles
 g - 6 boomerangs (quivered)
Armour
 w - a +0 scale mail
 y - a +0 ring mail (worn)
Jewellery
 b - a ring of positive energy (left hand)
 e - a +6 ring of strength (right hand)
 s - a ring of fire
 x - a ring of fire
Scrolls
 f - 3 scrolls of teleportation
 j - a scroll of amnesia {unknown}
 n - a scroll of fog
 o - a scroll of enchant weapon {unknown}
 r - 2 scrolls of fear
 t - a scroll of magic mapping {unknown}
 v - a scroll of holy word {unknown}
Potions
 d - a potion of mutation {unknown}
 i - a potion of invisibility {unknown}
 k - a potion of might
 l - 4 potions of flight
 m - a potion of degeneration {unknown}
 p - a potion of berserk rage {unknown}
 q - 3 potions of curing


   Skills:
 - Level 3.0 Fighting
 + Level 10.6 Polearms
 - Level 3.0 Armour
 - Level 3.0 Dodging
 - Level 2.0 Stealth


You had 8 spell levels left.
You didn't know any spells.
Your spell library contained the following spells:

 Spells                   Type           Power      Damage    Failure   Level
 Corpse Rot               Necr/Air       0%         N/A       67%         2
 Ensorcelled Hibernation  Hex/Ice        0%         N/A       67%         2
 Spider Form              Tmut/Pois      0%         N/A       88%         3
 Anguish                  Hex/Necr       0%         N/A       99%         4
 Dispel Undead            Necr           0%         3d6       99%         4
 Death Channel            Necr           0%         N/A       100%        6


Dungeon Overview and Level Annotations

Branches:
Dungeon (6/15)             Temple (0/1) D:5

Altars:
Kikubaaqudgha
Sif Muna
Wu Jian
Zin
Beogh

Annotations:
D:6 Name63's ghost, novice FeTm


Message History

You kill the orc priest!
Sif Muna accepts your kill. The orc closely misses you.
The orc warrior closely misses you. The orc hits you with a +0 club. x2
The orc closely misses you.
You puncture the orc!
You kill the orc!
Sif Muna accepts your kill.
Press: ? - help, v - describe, . - travel, g - get item
Here: an orc warrior, wielding a +0 scimitar and wearing a +0 plate armour
Items here: a +0 club; a +0 scale mail.
The floor.
Unknown command.
Unknown command.
You slash the orc warrior!
The orc warrior is heavily wounded.
The orc warrior hits you with a +0 scimitar!!
You feel better. The orc warrior misses you.
You feel better.
The orc warrior hits you with a +0 scimitar.
You feel yourself speed up.
The orc warrior hits you with a +0 scimitar!
Reach: h) +0 halberd
Press: ? - help, Dir - move target, f - orc warrior
Aim: an orc warrior, wielding a +0 scimitar and wearing a +0 plate armour (heavily wounded, about 40% to evade your +0 halberd)
You reach to attack!
You barely miss the orc warrior.
The orc warrior is heavily wounded.
There is an open door here.
Reach: h) +0 halberd
Press: ? - help, Dir - move target, f/p - orc warrior
Aim: an orc warrior, wielding a +0 scimitar and wearing a +0 plate armour (heavily wounded, about 40% to evade your +0 halberd)
You reach to attack!
You closely miss the orc warrior.
The orc warrior is heavily wounded.
You closely miss the orc warrior.
The orc warrior is heavily wounded.
The orc warrior hits you with a +0 scimitar!
You barely miss the orc warrior.
The orc warrior is moderately wounded.
The orc warrior hits you with a +0 scimitar!!
You die...

...........#
#...................
...........#
#........######.....
...........# #.....)..#
#..... ...........#
#........# #.....
....######## #........#
###### )...##
#........#
.....#########........#
............>.........#
...............#@######
...............#o#
...............#W#
#..............#o#
#..............#.#
#..............#o#
#....###########o#
###### ##o#######
########..o.....#


You could see an orc warrior, Name63's ghost and 4 orcs.

Vanquished Creatures
  Edmund (D:6)
  A sky beast (D:6)
  2 black bears
  2 ice beasts
  An ogre (D:5)
  2 phantoms
  2 scorpions
  A water moccasin zombie (D:5)
  3 orc priests (D:6)
  3 jellies (D:5)
  2 gnoll shamans
  An iguana (D:2)
  A hound zombie (D:5)
  A hound skeleton (D:4)
  6 gnolls
  6 adders
  A shadow imp (D:6)
  An ufetubus (D:5)
  2 adder skeletons
  3 worms
  6 dart slugs
  6 orcs
  2 ball pythons (D:1)
  8 endoplasms
  2 giant cockroaches
  7 hobgoblins
  A quokka (D:4)
  7 bats
  3 frilled lizards (D:1)
  5 goblins
  11 kobolds
  5 rats
105 creatures vanquished.

Vanquished Creatures (others)
  21 plants (D:4)
21 creatures vanquished.

Grand Total: 126 creatures vanquished

Notes
Turn   | Place    | Note
-------+----------+-------------------------------------------
     0 | D:1      | Gabide the Human Monk began the quest for the Orb.
     0 | D:1      | Reached XP level 1. HP: 18/18 MP: 1/1
   111 | D:1      | Reached XP level 2. HP: 24/24 MP: 2/2
   470 | D:1      | Reached skill level 1 in Armour
   476 | D:1      | Reached XP level 3. HP: 27/29 MP: 3/3
  1474 | D:2      | Reached XP level 4. HP: 32/35 MP: 4/4
  1577 | D:2      | Reached skill level 4 in Polearms
  2240 | D:3      | Reached XP level 5. HP: 26/41 MP: 5/5
  2396 | D:3      | Noticed an ice beast
  2858 | D:3      | Found a shimmering blue altar of Sif Muna.
  2866 | D:3      | Became a worshipper of Sif Muna the Loreminder
  2866 | D:3      | Reached * piety under Sif Muna
  2866 | D:3      | Reached ** piety under Sif Muna
  2937 | D:3      | Found an ornate altar of the Wu Jian Council.
  2957 | D:3      | Killed an ice beast
  2958 | D:3      | Reached skill level 5 in Polearms
  2958 | D:3      | Reached XP level 6. HP: 47/47 MP: 6/6
  3958 | D:3      | Reached skill level 6 in Polearms
  4798 | D:4      | Reached XP level 7. HP: 18/52 MP: 7/7
  5049 | D:4      | Found an ancient bone altar of Kikubaaqudgha.
  5093 | D:4      | Identified the +0 robe of Generosity {Dex+3}
  5427 | D:4      | Reached skill level 7 in Polearms
  5615 | D:5      | Entered Level 5 of the Dungeon
  6282 | D:5      | Found a glowing silver altar of Zin.
  6306 | D:5      | Reached skill level 8 in Polearms
  6589 | D:5      | Reached XP level 8. HP: 24/58 MP: 8/8
  6803 | D:5      | Found a staircase to the Ecumenical Temple.
  6969 | D:6      | Reached skill level 9 in Polearms
  7168 | D:6      | Noticed Edmund
  7931 | D:6      | Killed Edmund
  7932 | D:6      | Reached skill level 10 in Polearms
  8124 | D:6      | Found a runed translucent gate.
  8124 | D:6      | Found a runed translucent gate.
  8124 | D:6      | Found a runed translucent gate.
  8127 | D:6      | Noticed Name63's ghost (novice FeTm)
  8127 | D:6      | Identified the +0 plate armour of the Known World {Int+4}
  8142 | D:6      | Reached XP level 9. HP: 50/63 MP: 9/9
  8252 | D:6      | Slain by an orc warrior

Illustrated notes

Levels and vault maps discovered:
D:1:      lightli_arrival_statuegarden, layout_basic
D:2:      layout_basic
D:3:      layout_loops_ring, nzn_wu_jian_council_hall,
          mainiacjoe_overflow_surrounded_room, minmay_quadrilaterals
D:4:      layout_loops_ring, kiku_gazebo_pond_becter, serial_bayou,
          serial_bayou_pond_e, serial_bayou_lagoon_b, serial_bayou_ford_a,
          serial_bayou_pond_e
D:5:      layout_loops_ring, mainiacjoe_overflow_concentric_impassable,
          minmay_temple_entry_poolview
D:6:      layout_basic, mainiacjoe_overflow_boulevard,
          biasface_ghost_orc_armoury, uniq_edmund

Skill      XL: |  1  2  3  4  5  6  7  8 |
---------------+-------------------------+-----
Armour         | 1 2 3 |  3.0
Polearms       | 4 5 6 8 10 | 10.6
Fighting       | |  3.0
Dodging        | |  3.0
Stealth        | |  2.0

Action                   |  1- 3 |  4- 6 |  7- 9 || total
-------------------------+-------+-------+-------++-------
Melee: Spear             |   111 |   239 |       ||   350
       Punch             |     2 |     4 |       ||     6
       Halberd           |       |    12 |   177 ||   189
Throw: Throwing net      |       |     3 |       ||     3
       Boomerang         |       |     7 |     7 ||    14
  Use: Scroll            |       |     6 |     2 ||     8
       Potion            |       |     3 |     4 ||     7
 Stab: Sleeping          |    11 |     3 |     1 ||    15
Armor: Robe              |     5 |       |       ||     5
       Leather armour    |    11 |    30 |    14 ||    55
       Scale mail        |       |       |     5 ||     5
       Ring mail         |       |       |     1 ||     1
Dodge: Dodged            |    31 |    94 |   114 ||   239
